AoeStats
← Carbonatjon

Nomad

505292393Analyzed
2v2 RM · 25d ago on Sep 8, 2026· 59m 6s· 4 players
Game mode
Random Map
Map size
176×176
Population
200
Speed
Normal
Resources
Standard
Victory
Conquest
Starting age
Dark Age
Ending age
Imperial Age
RankedLock teamsTeams togetherTeam positionsShared explorationLock speedFull tech treeHidden civsTurbo modeCheats
Victory
Defeat
🇩🇪 Huns · Germany
1185
+15
🇩🇪 Persians · Germany
1127
+19
🇸🇪 Portuguese · Sweden
1167
-17
🇸🇪 Persians · Sweden
1167
-17
level
4:28 Loom
17:00 Feudal Age
17:43 Town Watch
20:34 Castle Age
18:59 Fletching
19:11 Padded Archer Armor
20:06 Double-Bit Axe
23:27 Bodkin Arrow
24:32 Bow Saw
26:12 Leather Archer Armor
30:21 Horse Collar
31:22 Husbandry
31:33 Bloodlines
35:18 Heavy Plow
39:03 Imperial Age
37:43 Scale Barding Armor
38:22 Forging
38:52 Wheelbarrow
38:12 Gold Mining
39:53 Bracer
40:14 Chain Barding Armor
41:41 Gold Shaft Mining
45:28 Parthian Tactics
45:32 Ballistics
46:03 Iron Casting
46:14 Plate Barding Armor
46:23 Hand Cart
46:29 Thumb Ring
45:57 Elite Skirmisher
45:59 Heavy Cavalry Archer
46:44 Stone Mining
48:42 Chemistry
47:38 Murder Holes
49:34 Iron Casting
48:59 Scale Mail Armor
48:49 Pikeman
48:51 Light Cavalry
48:51 Cavalier
50:24 Marauders
50:56 Atheism
50:57 Conscription
50:57 Hussar
54:57 Clinker Construction
54:55 Fishing Lines
55:26 Medium Warships
57:07 Masonry
57:17 Carvel Hull
57:15 Chain Mail Armor
58:21 Heavy Warships
57:57 Paladin
Sandmann777
5:23 Loom
15:58 Feudal Age
17:13 Town Watch
17:16 Double-Bit Axe
20:35 Castle Age
22:15 Wheelbarrow
21:38 Fletching
24:44 Horse Collar
28:14 Bow Saw
28:06 Heavy Plow
27:58 Gold Mining
28:08 Stone Mining
29:10 Scale Barding Armor
32:40 Chain Barding Armor
33:03 Husbandry
34:15 Bloodlines
37:46 Imperial Age
35:31 Forging
38:08 Iron Casting
37:33 Cavalier
39:24 Plate Barding Armor
39:52 Blast Furnace
39:50 Savar
42:43 Conscription
43:35 Bodkin Arrow
44:02 Medium Warships
45:22 Ballistics
46:04 Chemistry
47:44 Padded Archer Armor
49:05 Two-Man Saw
48:37 Crop Rotation
48:45 Gold Shaft Mining
48:46 Stone Shaft Mining
49:15 Heavy Warships
50:45 Elite Cannon Galleon
57:16 Citadels
Carbonatjon
5:07 Loom
14:44 Feudal Age
15:18 Town Watch
18:40 Castle Age
17:25 Double-Bit Axe
20:05 Wheelbarrow
20:18 Fletching
21:32 Bow Saw
21:44 Bodkin Arrow
23:49 Stone Mining
26:24 Gold Mining
27:16 Horse Collar
33:58 Hand Cart
37:50 Ballistics
40:58 Imperial Age
42:08 Conscription
44:45 Chemistry
47:12 Masonry
49:35 Bracer
51:44 Sanctity
51:42 Block Printing
53:15 Fervor
Mr Carbe
6:57 Loom
16:31 Feudal Age
17:49 Gold Mining
21:31 Castle Age
19:17 Horse Collar
20:01 Town Watch
20:04 Double-Bit Axe
20:12 Stone Mining
23:27 Wheelbarrow
23:23 Bow Saw
30:08 Heavy Plow
30:48 Gold Shaft Mining
31:10 Forging
31:51 Scale Barding Armor
33:37 Husbandry
33:47 Bloodlines
34:38 Iron Casting
39:35 Hand Cart
39:35 Town Patrol
40:48 Chain Barding Armor
44:02 Imperial Age
43:05 Fletching
44:43 Cavalier
46:30 Conscription
Connection lost

Rejoining the realm…

Still unreachable

The connection could not be restored.

Session expired

The server has moved on; the page needs a fresh start.